 Dungeon Crawl Stone Soup version 0.16.2-12-gd0ad4c3 (webtiles) character file.

5389 dearth the Basher (level 10, -5/91 HPs)
             Began as a Minotaur Fighter on Oct 11, 2015.
             Was a Follower of Okawaru.
             Slain by a yak (9 damage)
             ... on level 9 of the Dungeon.
             The game lasted 00:27:49 (8692 turns).

dearth the Basher (Minotaur Fighter)                Turns: 8692, Time: 00:27:50

Health: -5/91      AC: 13    Str: 25    XL:     10   Next: 39%
Magic:  6/6        EV:  9    Int:  5    God:    Okawaru [*.....]
Gold:   200        SH: 13    Dex: 11    Spells: 0 memorised, 9 levels left

rFire  . . .     SeeInvis .     u - +6 morningstar (crush)
rCold  . . .     Clarity  .     H - +6 ring mail "Pnuimmur" {rPois rN+}
rNeg   + . .     SustAb   .     c - +1 shield
rPois  +         Gourm    .     (helmet unavailable)
rElec  .         Spirit   .     (no cloak)
rCorr  .         Warding  .     (no gloves)
rMut   .         Stasis   .     (no boots)
MR     .....                    (no amulet)
Stlth  +.........               (no ring)
                                (no ring)

@: about to teleport, not resistant to hostile enchantments, very unstealthy
A: retaliatory headbutt, horns 3, agile 1, sense surroundings 1
a: Heroism, Renounce Religion


You were on level 9 of the Dungeon.
You worshipped Okawaru.
Okawaru was aware of your devotion.
You were hungry.

You visited 2 branches of the dungeon, and saw 10 of its levels.

You collected 476 gold pieces.
You spent 276 gold pieces at shops.

Inventory:

Hand weapons
 u - a +6 morningstar of crushing (weapon)
Armour
 c - a +1 shield (worn)
 s - a +3 chain mail of cold resistance
 H - the +6 ring mail "Pnuimmur" (worn) {rPois rN+}
   (You found it on level 8 of the Dungeon)

   It protects you from poison.
   It protects you from negative energy.
Jewellery
 g - an uncursed ring of teleportation
Magical devices
 v - a wand of lightning (5)
 w - a wand of lightning (3)
 y - a wand of flame (35)
 A - a wand of slowing (9)
 E - a wand of frost (24)
Scrolls
 b - 3 scrolls of remove curse
 h - 3 scrolls of teleportation
 i - 2 scrolls of fear
 l - a scroll of amnesia
 m - 3 scrolls of identify
 B - a scroll of magic mapping {unknown}
 D - a scroll of brand weapon {unknown}
 F - 2 scrolls of enchant armour
Potions
 a - 3 potions of degeneration {unknown}
 e - a potion of heal wounds
 j - 2 potions of restore abilities
 k - 5 potions of curing {unknown}
 n - a potion of poison {unknown}
 q - a potion of agility {unknown}
 r - 2 potions of brilliance
 t - 2 potions of berserk rage
 x - 2 potions of lignification {unknown}
 z - 2 potions of haste {unknown}
 C - a potion of invisibility {unknown}
 G - a potion of resistance {unknown}
 I - a potion of might
 J - a potion of cure mutation {unknown}
Comestibles
 d - 6 bread rations
 f - 6 meat rations
 o - 4 fruits
 p - 4 beef jerkies


   Skills:
 + Level 9.1 Fighting
 * Level 11.6 Maces & Flails
 + Level 8.9 Armour
 + Level 9.3 Shields
 + Level 1.7 Invocations


You had 9 spell levels left.
You didn't know any spells.

Dungeon Overview and Level Annotations

Branches:
Dungeon (9/15)             Temple (1/1) D:6            Lair (0/8) D:8
    Orc: D:9-12

Altars:
Ashenzari
Cheibriados
Dithmenos
Elyvilon
Fedhas
Gozag
Kikubaaqudgha
Makhleb
Nemelex Xobeh
Okawaru
Qazlal
Ru
Sif Muna
Trog
Vehumet
Xom
Yredelemnul
Zin
The Shining One

Shops:
D:7 }   D:9 *

Annotations:
D:4 exclusion: statue


Innate Abilities, Weirdness & Mutations

You reflexively headbutt those who attack you in melee.
You have a pair of large horns on your head.
You are agile. (Dex +2)
You passively map a small area around you.


Message History

The wyvern zombie bites you but does no damage.
The yak gores you. You block the yak's attack.
You bludgeon the wyvern zombie!!
You destroy the wyvern zombie!
Okawaru accepts your kill. The yak gores you. You block the yak's attack.
You closely miss the yak. The yak gores you but does no damage.
The yak gores you!
* * * LOW HITPOINT WARNING * * *
The yak gores you.
* * * LOW HITPOINT WARNING * * *
Unknown command.
Read which item? (? for menu, Esc to quit)
As you read the scroll of teleportation, it crumbles to dust.
You feel strangely unstable. The yak gores you!
* * * LOW HITPOINT WARNING * * *
The yak gores you!
* * * LOW HITPOINT WARNING * * *
The yak gores you!
You die...

...#### ...#..## * +###
...#...# >.... ...#...#
.Y.... ...'..[# ....$
...#...# ...., ...#..##
########..# #+##..##
#...."Y#..##..# ..#....#
#.....@YY.....# ..+....##
#.....Y#......#
#.##....###......#####..#
#.##.####....##+#######+#
...?..# ##......<.......
......# #..............
......# #..............#
###'########+###..##....
....)..........#'## ,,


You could see 4 yaks.

Vanquished Creatures
  A komodo dragon (D:8)
  A trapdoor spider zombie (D:7)
  6 yaks (D:9)
  A wyvern (D:9)
  A hippogriff (D:7)
  A hungry ghost (D:8)
  2 orc warriors
  3 sky beasts
  3 ice beasts
  5 ogres
  A phantom (D:4)
  5 centaurs
  Sigmund (D:7)
  A big kobold (D:9)
  A wyvern zombie (D:9)
  4 scorpions
  3 killer bees (D:8)
  2 giant frogs
  3 wights (D:9)
  2 vampire bats (D:5)
  3 hounds
  3 goliath beetles
  5 crimson imps
  An orc priest (D:3)
  2 iguanas (D:5)
  2 jellies
  2 centaur skeletons
  3 giant frog skeletons
  7 worker ants
  3 orc wizards
  A hound zombie (D:4)
  Terence (D:3)
  A gnoll (D:1)
  3 giant mites
  A shadow imp (D:8)
  16 adders
  4 worms
  An adder skeleton (D:5)
  2 giant geckos
  27 orcs
  A ball python (D:3)
  11 goblins
  12 hobgoblins
  10 jackals
  16 bats
  6 giant cockroaches
  6 giant newts
  20 kobolds
  8 quokkas
  2 quokka skeletons (D:4)
  24 rats
251 creatures vanquished.

Vanquished Creatures (others)
  A butterfly (D:8)
  A plant (D:8)
2 creatures vanquished.

Grand Total: 253 creatures vanquished

Notes
Turn   | Place    | Note
--------------------------------------------------------------
     0 | D:1      | dearth, the Minotaur Fighter, began the quest for the Orb.
     0 | D:1      | Reached XP level 1. HP: 19/19 MP: 1/1
    60 | D:1      | Reached XP level 2. HP: 13/27 MP: 1/1
   236 | D:1      | Reached skill level 4 in Armour
   416 | D:1      | Reached XP level 3. HP: 31/33 MP: 2/2
  1026 | D:2      | Noticed a moth of wrath
  1027 | D:2      | Found a bloodstained altar of Trog.
  1218 | D:2      | Reached XP level 4. HP: 23/40 MP: 2/2
  1568 | D:2      | Found a sacrificial altar of Ru.
  1879 | D:3      | Noticed Terence
  1897 | D:3      | Killed Terence
  1974 | D:3      | Gained mutation: You are agile. (Dex +2) [potion of mutation]
  1974 | D:3      | Gained mutation: You have a pair of large horns on your head. [potion of mutation]
  1974 | D:3      | Gained mutation: You passively map a small area around you. [potion of mutation]
  1977 | D:3      | Reached XP level 5. HP: 30/47 MP: 2/2
  2200 | D:3      | Found a white marble altar of Elyvilon.
  2546 | D:3      | Lost intelligence.
  2647 | D:3      | Reached skill level 5 in Shields
  3016 | D:4      | Reached skill level 5 in Fighting
  3016 | D:4      | Reached skill level 5 in Maces & Flails
  3016 | D:4      | Reached XP level 6. HP: 54/56 MP: 3/3
  3088 | D:4      | Found a shattered altar of Ashenzari.
  3147 | D:4      | Reached skill level 5 in Armour
  3160 | D:4      | Found a blossoming altar of Fedhas.
  3370 | D:4      | Noticed an ogre
  3376 | D:4      | Killed an ogre
  3376 | D:4      | Reached XP level 7. HP: 21/61 MP: 3/3
  3626 | D:4      | Noticed a phantom
  3699 | D:4      | Killed a phantom
  3699 | D:4      | Reached skill level 6 in Maces & Flails
  3750 | D:4      | Found a radiant altar of Vehumet.
  3955 | D:5      | Entered Level 5 of the Dungeon
  3993 | D:5      | Found a basalt altar of Yredelemnul.
  4199 | D:5      | Reached skill level 7 in Maces & Flails
  4378 | D:5      | Reached XP level 8. HP: 70/70 MP: 3/3
  4787 | D:6      | Found a staircase to the Ecumenical Temple.
  4797 | D:6      | Reached skill level 8 in Maces & Flails
  4803 | Temple   | Entered the Ecumenical Temple
  5691 | D:6      | Found a sparkling altar of Nemelex Xobeh.
  5926 | D:7      | Reached skill level 9 in Maces & Flails
  6159 | D:7      | Reached XP level 9. HP: 64/79 MP: 4/4
  6335 | D:7      | Found Moull's Gadget Boutique.
  6410 | D:7      | Found an opulent altar of Gozag.
  6667 | D:7      | Noticed Sigmund
  6677 | D:7      | Killed Sigmund
  6730 | D:7      | Reached skill level 10 in Maces & Flails
  6923 | D:8      | Got a spiked ring mail
  6934 | D:8      | Identified the +6 ring mail "Pnuimmur" {rPois rN+} (You found it on level 8 of the Dungeon)
  6938 | D:8      | Identified a scroll of acquirement
  6959 | D:8      | Found a staircase to the Lair.
  6961 | D:8      | Noticed a komodo dragon
  6994 | D:8      | Killed a komodo dragon
  7810 | D:8      | Found a shimmering altar of Xom.
  8177 | D:9      | Found Unosyjaloa's Assorted Antiques.
  8184 | D:9      | Reached skill level 11 in Maces & Flails
  8184 | D:9      | Reached XP level 10. HP: 86/90 MP: 4/4
  8191 | D:9      | Bought a red potion for 29 gold pieces
  8191 | D:9      | Bought a scroll of enchant weapon for 247 gold pieces
  8369 | D:9      | Found a glowing silver altar of Zin.
  8369 | D:9      | Found an iron altar of Okawaru.
  8388 | D:9      | Became a worshipper of Warmaster Okawaru
  8498 | D:9      | Reached skill level 1 in Invocations
  8688 | D:9      | Acquired Okawaru's first power
  8692 | D:9      | HP: 4/91 [yak (11)]
  8692 | D:9      | Slain by a yak

Action                   |  1- 3 |  4- 6 |  7- 9 | 10-12 || total
-------------------------+-------+-------+-------+-------++-------
Melee: Flail             |    98 |   184 |   206 |       ||   488
       Whip              |       |       |    71 |       ||    71
       Morningstar       |       |       |    57 |    71 ||   128
  Use: Potion            |       |     4 |       |       ||     4
       Scroll            |       |    10 |     7 |     4 ||    21
  Eat: Chunk             |       |     8 |    15 |     1 ||    24
       Pizza             |       |       |     1 |       ||     1
